 Dungeon Crawl Stone Soup version 0.25-a0-353-ged6d54792d (webtiles) character file.

Game seed: 9592296584398883908, levelgen mode: deterministic

128 BritishOli the Slasher (level 4, -1/34 HPs)
             Began as a Demonspawn Gladiator on Jan 2, 2020.
             Killed from afar by an orc wizard (8 damage)
             ... with a magic dart
             ... on level 4 of the Dungeon.
             The game lasted 00:01:56 (2295 turns).

BritishOli the Slasher (Demonspawn Gladiator)       Turns: 2295, Time: 00:01:57

Health: -1/34      AC:  3    Str: 16    XL:     4   Next: 86%
Magic:  4/4        EV: 13    Int:  9    God:
Gold:   168        SH:  0    Dex: 14    Spells: 3/3 levels left

rFire    . . .     SeeInvis .   a - +0 long sword
rCold    . . .     Gourm    .   (no shield)
rNeg     . . .     Faith    .   v - +0 leather armour {MR+}
rPois    .         Spirit   .   (helmet restricted)
rElec    .         Reflect  .   (no cloak)
rCorr    .         Harm     +   (no gloves)
MR       +....                  (no boots)
Stlth    +.........             k - amulet of harm
HPRegen  0.11/turn              (no ring)
MPRegen  0.09/turn              (no ring)

@: no status effects
A: claws 1, horns 1
a: no special abilities


You were on level 4 of the Dungeon.
You were very hungry.

You visited 1 branch of the dungeon, and saw 4 of its levels.

You collected 168 gold pieces.

Inventory:

Hand Weapons
 a - a +0 long sword (weapon)
Missiles
 d - 3 throwing nets (quivered)
Armour
 v - a +0 leather armour of magic resistance (worn)
Jewellery
 k - an amulet of harm (around neck)
Wands
 q - a wand of iceblast (5)
Scrolls
 e - 3 scrolls of remove curse {unknown}
 g - 2 scrolls of blinking {unknown}
 j - 2 scrolls of identify {unknown}
 l - a scroll of magic mapping {unknown}
 n - a scroll of teleportation {unknown}
 s - 3 scrolls of fear {unknown}
Potions
 h - a potion of magic {unknown}
 i - 2 potions of invisibility {unknown}
 m - a potion of berserk rage {unknown}
 o - 2 potions of agility {unknown}
 p - a potion of flight {unknown}
 r - a potion of lignification {unknown}
 t - a potion of heal wounds {unknown}
 u - a potion of resistance {unknown}
Comestibles
 f - 14 rations


   Skills:
 + Level 2.9 Fighting
 * Level 3.7 Long Blades
 - Level 2.0 Throwing
 + Level 1.3 Armour
 + Level 3.3 Dodging


You had 3 spell levels left.
You didn't know any spells.
Your spell library was empty.

Dungeon Overview and Level Annotations

Branches:
Dungeon (4/15)
 Temple: D:4-7

Altars:


Innate Abilities, Weirdness & Mutations

You have sharp fingernails.
You have a pair of small horns on your head.


Message History

The orc wizard casts a spell at you. The puff of flame hits you!
The orc shouts!
You hit the orc wizard but do no damage.
You hear a shout!
The orc wizard hits you but does no damage.
The orc wizard completely misses you.
You riposte.
You hit the orc wizard. Your headbutt misses the orc wizard.
The orc wizard is lightly wounded.
The orc priest casts a cantrip, but nothing happens.
You hear a shout!
The orc priest calls down the wrath of Beogh upon you.
Beogh smites you!
* * * LOW HITPOINT WARNING * * *
You hear a shout!
An orc comes into view. It is wielding a +0 club.
You see here a +0 hand axe.
The orc wizard casts a spell at you. The magic dart hits you!
You die...

#.#.####### ##.#.#
#[.#.## ### ##
#.##.##.#.... #.##.#
(#.#. #.##.# ... #
#.##.# #.# .#o#
#.##.####.######oo.#.#
#........@.o)o.ooo....
#################o....
... .


You could see 2 orc wizards and 3 orcs.

Vanquished Creatures
  An orc priest (D:4)
  An orc wizard (D:4)
  An adder (D:3)
  A dart slug (D:1)
  3 leopard geckos
  5 orcs
  9 bats
  4 giant cockroaches
  4 goblins
  4 hobgoblins
  3 jackals (D:2)
  3 kobolds
  A quokka (D:4)
  2 frilled lizards
  6 rats
48 creatures vanquished.

Notes
Turn   | Place    | Note
-------+----------+-------------------------------------------
     0 | D:1      | BritishOli the Demonspawn Gladiator began the quest for the
                  | Orb.
     0 | D:1      | Reached XP level 1. HP: 16/16 MP: 1/1
   195 | D:1      | Gained mutation: You have a pair of small horns on your
                  | head. [demonic ancestry]
   195 | D:1      | Reached XP level 2. HP: 22/22 MP: 2/2
   819 | D:2      | Gained mutation: You have sharp fingernails. [demonic
                  | ancestry]
   819 | D:2      | Reached XP level 3. HP: 25/28 MP: 3/3
  1961 | D:4      | Reached skill level 1 in Armour
  1971 | D:4      | Reached XP level 4. HP: 29/34 MP: 4/4
  2295 | D:4      | Killed from afar by an orc wizard

Levels and vault maps discovered:
D:1:      minmay_arrival_open_corners, layout_loops_ring
D:2:      layout_loops_ring
D:3:      minmay_door_path, layout_basic, first_ration, dk_vineyard_1
D:4:      wander_river, layout_loops_ring, serial_shops, kennysheep_little_box

Skill      XL: |  1  2  3 |
---------------+----------+-----
Throwing       | 2 |  2.0
Long Blades    | 3 |  3.7
Dodging        | 3 |  3.3
Armour         | 1 |  1.3
Fighting       | |  2.9

Action                   |  1- 3 |  4- 6 || total
-------------------------+-------+-------++-------
Melee: Long sword        |    67 |    12 ||    79
       Headbutt          |    12 |     1 ||    13
 Stab: Sleeping          |     2 |       ||     2
  Eat: Chunk             |     3 |       ||     3
Armor: Leather armour    |    19 |     2 ||    21
Dodge: Dodged            |    50 |     9 ||    59
       Rpst.: Long sword |    18 |     2 ||    20

Table legend:
 A = Non-vault XP
 B = Vault XP
 C = Vault XP percentage of total XP
 D = Non-vault monster count
 E = Vault monster count
 F = Vault count percentage of total count
                 A         B        C        D         E       F
            +---------+---------+-------+---------+---------+-------
      Total |     181 |       2 |   1.1 |      47 |       1 |   2.1
            +---------+---------+-------+---------+---------+-------
        D:1 |      27 |       0 |   0.0 |      14 |       0 |   0.0
        D:2 |      28 |       0 |   0.0 |      16 |       0 |   0.0
        D:3 |      32 |       2 |   5.9 |      11 |       1 |   8.3
        D:4 |      94 |       0 |   0.0 |       6 |       0 |   0.0
            +---------+---------+-------+---------+---------+-------
